 Dungeon Crawl Stone Soup version 0.26-a0-612-gd4d190f45e (webtiles) character file.

Game seed: 6021212947960381235

256 Descartes the Covert (level 5, 0/36 HPs)
             Began as a Felid Delver on Sept 9, 2020.
             Succumbed to a goblin's poison
             ... on level 1 of the Dungeon.
             The game lasted 00:02:44 (1369 turns).

Descartes the Covert (Felid Delver)                 Turns: 1369, Time: 00:02:44

Health: 0/36       AC: 22    Str:  9    XL:     5   Next: 92%
Magic:  6/6        EV:  4    Int: 12    God:
Gold:   38         SH:  0    Dex: 17    Spells: 4/4 levels left
                                        Lives:  0   Deaths: 1

rFire    + . .     SeeInvis +     - Unarmed
rCold    + . .     Faith    .   (shield unavailable)
rNeg     + + +     Spirit   .   (armour unavailable)
rPois    +         Reflect  .   (helmet unavailable)
rElec    +         Harm     .   (cloak unavailable)
rCorr    +         NoTele   +   (gloves unavailable)
MR       .....                  (boots unavailable)
Stlth    +++++.....             (no amulet)
HPRegen  0.12/turn              (no ring)
MPRegen  0.10/turn              (no ring)

@: lethally poisoned (0 -> -5), tree-form, resistant, hasted, very quick
A: very small, no armour, no weapons or thrown items, stealth, see invisible
a: no special abilities


You were on level 1 of the Dungeon.
You were a tree.
You visited 1 branch of the dungeon, and saw 5 of its levels.

You collected 38 gold pieces.

Inventory:

Jewellery
 i - an uncursed ring of flight {unknown}
Wands
 e - a wand of digging (3)
Scrolls
 a - 2 scrolls of fog
 b - a scroll of magic mapping
 c - 2 scrolls of fear
 f - a scroll of remove curse {unknown}
 j - a scroll of identify {unknown}
 l - a scroll of enchant weapon {unknown}


   Skills:
 - Level 3.0 Fighting
 + Level 5.7 Dodging
 - Level 10.0 Stealth
 - Level 2.0 Unarmed Combat


You had 4 spell levels left.
You didn't know any spells.
Your spell library was empty.

Dungeon Overview and Level Annotations

Branches:
Dungeon (5/15)
 Temple: D:4-7

Altars:
Gozag


Innate Abilities, Weirdness & Mutations

You cannot wear armour.
You are incapable of wielding weapons or throwing items.
Your paws allow you to move quietly. (Stealth)
((You have sharp claws.))
((You have razor-sharp teeth.))
You have supernaturally acute eyesight. (SInv)
((You cover ground quickly.))
((You are covered in fur. (AC +1)))
((Your sharp claws are effective at attacking unaware monsters.))


Message History

The jackal bites you but does no damage.
You barely miss the jackal.
The jackal bites you but does no damage.
You barely miss the jackal.
The jackal bites you but does no damage.
You smack the jackal!
You kill the jackal!
* * * LOW HITPOINT WARNING * * *
You feel sick.
You hit the jackal.
The jackal is almost dead.
The jackal barely misses you.
You barely miss the jackal.
The jackal is almost dead.
The jackal bites you but does no damage.
You smack the jackal!
You kill the jackal!
You hit the jackal.
The jackal is lightly wounded.
You die...

### #.. #.#
.........K#.#
#......h..#.#
#.........#.#
#.......h.#.#
..........#♣#
#.......h.#h#
#.........#h#######
#......>..l........
......l..##.###....
.###........# ..
##########


You could see 2 jackals and a frilled lizard.

Vanquished Creatures
  An ogre (D:4)
  A bullfrog (D:1)
  2 scorpions (D:5)
  A hound (D:5)
  An orc wizard (D:5)
  A hound zombie (D:5)
  An adder (D:5)
  An adder skeleton (D:4)
  A leopard gecko (D:2)
  2 orcs (D:5)
  2 bats (D:2)
  2 giant cockroaches (D:3)
  2 goblins
  A hobgoblin (D:2)
  2 jackals (D:1)
  A frilled lizard (D:4)
  A kobold (D:2)
  2 rats
25 creatures vanquished.

Vanquished Creatures (others)
  13 plants (D:4)
13 creatures vanquished.

Grand Total: 38 creatures vanquished

Notes
Turn   | Place    | Note
-------+----------+-------------------------------------------
     0 | D:5      | Descartes the Felid Delver began the quest for the Orb.
     0 | D:5      | Reached XP level 1. HP: 10/10 MP: 2/2
    30 | D:5      | Found an opulent altar of Gozag.
    60 | D:5      | Noticed a hound
    67 | D:5      | Killed a hound
    67 | D:5      | Reached skill level 7 in Stealth
    67 | D:5      | Reached XP level 2. HP: 14/14 MP: 3/3
    80 | D:5      | Reached skill level 8 in Stealth
    80 | D:5      | Reached XP level 3. HP: 17/17 MP: 4/4
   147 | D:5      | Noticed a scorpion
   158 | D:5      | Killed a scorpion
   158 | D:5      | Reached skill level 9 in Stealth
   158 | D:5      | Reached XP level 4. HP: 5/21 MP: 5/5
   456 | D:5      | Reached XP level 5. HP: 10/24 MP: 6/6
   670 | D:5      | Reached skill level 10 in Stealth
   679 | D:4      | Killed from afar by an orc priest
   680 | D:4      | Reached XP level 4. HP: -10/21 MP: 5/5
   758 | D:4      | Noticed an ogre
   764 | D:4      | Killed an ogre
   764 | D:4      | Reached XP level 5. HP: 24/24 MP: 6/6
  1354 | D:1      | Reached skill level 5 in Dodging
  1360 | D:1      | HP: 1/24 [poisoned by a goblin]
  1365 | D:1      | HP: 1/36 [poisoned by a goblin]
  1369 | D:1      | Succumbed to a goblin's poison

Illustrated notes

Levels and vault maps discovered:
D:1:      scummos_arrival_simple_fountains, layout_basic, kennysheep_flooded_box
D:2:      layout_loops_ring
D:3:      minmay_recursive_quarters, layout_loops_corners, minitemple,
          chequers_ecumenical_altar_simple_redux
D:4:      layout_loops_corners, regret_index_temple_of_mockery,
          ebering_ghost_sewer_f, hangedman_abyss_or_decor_stabs,
          serial_bayou_pond_c
D:5:      layout_loops_ring, grunt_gozag_breadcrumbs,
          kennysheep_generic_room_15, uniq_eustachio

Skill      XL: |  1  2  3  4  5 |
---------------+----------------+-----
Stealth        | 7 8 9 10 | 10.0
Dodging        | 4 5 |  5.7
Fighting       | |  3.0
Unarmed Combat | |  2.0

Action                   |  1- 3 |  4- 6 || total
-------------------------+-------+-------++-------
Melee: Unarmed           |    10 |    88 ||    98
       Punch             |     2 |     1 ||     3
       Bite              |     1 |     8 ||     9
  Use: Potion            |       |     5 ||     5
 Stab: Sleeping          |     2 |     9 ||    11
Armor: Skin              |       |     8 ||     8
Dodge: Dodged            |     4 |    88 ||    92

Table legend: (Time is in decaauts)
 A = Elapsed time spent in this place.
 B = Non-inter-level travel time spent in this place.
 C = Inter-level travel time spent in this place.
 D = Time resting spent in this place.
 E = Time spent auto-exploring this place.
 F = Levels seen in this place.
 G = Mean time per level.
                   A        B        C        D        E       F      G
               +--------+--------+--------+--------+--------+-----+--------+
         Total |   1214 |   1189 |     25 |      0 |    888 |   5 |  242.8 |
       Dungeon |   1214 |   1189 |     25 |      0 |    888 |   5 |  242.8 |
               +--------+--------+--------+--------+--------+-----+--------+

Top non-repeatable levels by time:
     D:5: 616 daAuts
     D:4: 252 daAuts
     D:2: 250 daAuts
     D:3: 75 daAuts
     D:1: 20 daAuts
